 Dungeon Crawl Stone Soup version 0.21.1-1-g345015fe64 (webtiles) character file.

135 Jyngge the Covered (level 4, -2/41 HPs)
             Began as a Minotaur Fighter on June 23, 2018.
             Slain by Natasha (5 damage)
             ... on level 2 of the Dungeon.
             The game lasted 00:02:54 (1351 turns).

Jyngge the Covered (Minotaur Fighter)               Turns: 1351, Time: 00:02:55

Health: -2/41      AC:  0    Str: 22    XL:     4   Next: 96%
Magic:  3/3        EV: 17    Int:  5    God:
Gold:   72         SH:  0    Dex: 14    Spells: 3/3 levels left

rFire    . . .     SeeInvis .   (weapon currently unavailable)
rCold    . . .     Gourm    .   (shield currently unavailable)
rNeg     . . .     Faith    .   (armour currently unavailable)
rPois    .         Spirit   .   (helmet currently unavailable)
rElec    .         Reflect  .   (cloak currently unavailable)
rCorr    .         Harm     .   (gloves currently unavailable)
MR       .....                  (boots currently unavailable)
Stlth    +.........             (no amulet)
HPRegen  0.13/turn              (ring currently unavailable)
MPRegen  0.08/turn              (ring currently unavailable)

@: bat-form, flying, very quick
A: tiny, (retaliatory headbutt)
a: no special abilities


You were on level 2 of the Dungeon.
You were hungry.
You were in bat-form.
You visited 1 branch of the dungeon, and saw 2 of its levels.

You collected 72 gold pieces.

Inventory:

Hand Weapons
 a - a +0 war axe (melded)
Armour
 b - a +0 scale mail (melded)
 c - a +0 shield (melded)
Jewellery
 e - an uncursed ring of positive energy {unknown}
 k - an uncursed ring of fire {unknown}
Wands
 j - a wand of random effects (30)
Scrolls
 g - a scroll of teleportation {unknown}
 l - a scroll of blinking {unknown}
 m - a scroll of amnesia {unknown}
 o - a scroll of enchant weapon {unknown}
 p - a scroll of enchant armour {unknown}
Potions
 d - a potion of might
 h - a potion of heal wounds {unknown}
 i - a potion of curing {unknown}
 n - a potion of resistance {unknown}
Comestibles
 f - 7 rations
 q - a chunk of flesh


   Skills:
 + Level 4.3 Fighting
 + Level 4.3 Axes
 + Level 4.6 Armour
 + Level 0.3 Dodging
 + Level 4.3 Shields


You had 3 spell levels left.
You didn't know any spells.

Dungeon Overview and Level Annotations

Branches:
Dungeon (2/15)

Altars:
Uskayaw

Annotations:
D:2 Natasha, Sigmund


Innate Abilities, Weirdness & Mutations

((You reflexively headbutt those who attack you in melee.))
((You have a pair of horns on your head.))


Message History

Sigmund zaps a wand.
You turn into a bat.
Your +0 war axe melds into your body.
Your +0 shield melds into your body.
Your +0 scale mail melds into your body.
Natasha stares at you and mumbles some strange words.
The magic dart hits you! Sigmund casts a spell at you.
You are confused.
You bump into the rock wall.
You bump into the rock wall.
Natasha barely misses you.
You hit Natasha but do no damage.
Natasha mewls in sadness.
Natasha claws you.
* * * LOW HITPOINT WARNING * * *
You bump into the rock wall.
Natasha closely misses you.
You bump into the rock wall.
You feel less confused. Natasha claws you!
* * * LOW HITPOINT WARNING * * *
Natasha claws you.
You die...

..#...........## #.
#.#.#.....#)#### #.
#.#....##.#.)))###. ..
##.#....#.##.####).### .
#.......#.##.##....###
#.....##..#.##....#..##.
####..#.
##.@..##....#.....
.......
#.h#..##.##...###.
#...####b##.....##..##
#. . #......##......# .#
#.
...####.#####......##.#
#. ........#####......#
#. .#.......##......@.#
#. ...###...##.##.....#
#. ## ##...#.##.#.##..
#. ##..)..#.#.# .# ..
#.##......#


You could see Sigmund and Natasha.

Vanquished Creatures
  Natasha (D:2)
  Robin (D:2)
  4 gnolls (D:2)
  2 oozes (D:1)
  A worm (D:1)
  2 leopard geckos (D:2)
  12 goblins
  3 hobgoblins
  4 jackals (D:1)
  4 ball pythons (D:1)
  2 bats
  4 frilled lizards
  5 kobolds
  5 rats
50 creatures vanquished.

Notes
Turn   | Place    | Note
-------+----------+-------------------------------------------
     0 | D:1      | Jyngge the Minotaur Fighter began the quest for the Orb.
     0 | D:1      | Reached XP level 1. HP: 19/19 MP: 0/0
   139 | D:1      | Reached XP level 2. HP: 16/27 MP: 1/1
   714 | D:1      | Reached XP level 3. HP: 33/33 MP: 2/2
   942 | D:2      | Found a hide-covered altar of Uskayaw.
   987 | D:2      | Noticed Robin
  1014 | D:2      | Killed Robin
  1019 | D:2      | Reached XP level 4. HP: 8/40 MP: 3/3
  1295 | D:2      | Noticed Natasha
  1304 | D:2      | Killed Natasha
  1328 | D:2      | Noticed Sigmund
  1338 | D:2      | Noticed Natasha
  1351 | D:2      | Slain by Natasha

Skill      XL: |  1  2  3  4 |
---------------+-------------+-----
Fighting       | 4 |  4.3
Shields        | 4 |  4.3
Armour         | 4 |  4.6
Axes           | 3 4 |  4.3
Dodging        | |  0.3

Action                   |  1- 3 |  4- 6 || total
-------------------------+-------+-------++-------
Melee: War axe           |    82 |    22 ||   104
       Headbutt          |    13 |       ||    13
       Unarmed           |       |     1 ||     1
  Eat: Chunk             |       |     1 ||     1
Armor: Scale mail        |    42 |    12 ||    54
Dodge: Dodged            |    27 |    11 ||    38
Block: Shield            |    64 |    11 ||    75
